 Dungeon Crawl Stone Soup version 0.28-a0-1167-g616b1c6417 (webtiles) character file.

Game seed: 4295059252904837685

890 Ijustatesigmund the Skirmisher (level 8, -3/52 HPs)
             Began as a Gargoyle Fighter on Dec 16, 2021.
             Splashed by a jelly's acid (5 damage)
             ... on level 6 of the Dungeon.
             The game lasted 00:05:11 (4778 turns).

Ijustatesigmund the Skirmisher (Gargoyle Fighter)   Turns: 4778, Time: 00:05:11

Health: -3/52      AC: -6    Str: 21    XL:     8   Next: 6%
Magic:  8/8        EV:  9    Int: 10    God:
Gold:   188        SH:  4    Dex:  9    Spells: 7/7 levels left

rFire   . . .      SeeInvis .   a - +0 flail
rCold   . . .      Faith    .   c - +0 buckler
rNeg    + . .      Spirit   .   b - +0 scale mail
rPois   ∞          Reflect  .   i - +1 helmet
rElec   +          Harm     .   (no cloak)
rCorr   .          Rampage  .   d - +1 pair of gloves
Will    .....                   (no boots)
Stlth   ..........              (no amulet)
HPRegen 0.17/turn               (no ring)
MPRegen 0.11/turn               (no ring)

@: corroded
A: sickness immunity, AC +5, negative energy resistance 1, electricity
resistance, torment resistance 1, petrification resistance
a: no special abilities


You were on level 6 of the Dungeon.
You visited 1 branch of the dungeon, and saw 6 of its levels.

You collected 188 gold pieces.

Inventory:

Hand Weapons
 a - a +0 flail (weapon)
Armour
 b - a +0 scale mail (worn)
 c - a +0 buckler (worn)
 d - a +1 pair of gloves (worn)
 i - a +1 helmet (worn)
Jewellery
 h - an amulet of magic regeneration
Scrolls
 e - 2 scrolls of amnesia
 f - 5 scrolls of identify


   Skills:
 + Level 6.4 Fighting
 + Level 5.8 Maces & Flails
 + Level 5.8 Armour
 - Level 0.8 Dodging
 - Level 0.5 Stealth
 - Level 3.2 Shields


You had 7 spell levels left.
You didn't know any spells.
Your spell library contained the following spells:

 Spells                   Type           Power      Damage    Failure   Level
 Scorch                   Fire           0%         2d5       85%         2
 Flame Wave               Conj/Fire      0%         2d4       100%        4
 Summon Cactus Giant      Summ           0%         N/A       100%        6


Dungeon Overview and Level Annotations

Branches:
Dungeon (7/15)
 Temple: D:4-7

Altars:

Shops:
D:2 (

Annotations:
D:4 3 runed translucent doors, mojasp's ghost, amateur DsAK


Innate Abilities, Weirdness & Mutations

You are immune to sickness and miasma.
Your stone body is resilient. (AC +5)
You are immune to poison.
You resist negative energy. (rN+)
You are resistant to electric shocks. (rElec)
You are resistant to unholy torment.
You are immune to petrification.


Message History

f - 5 scrolls of identify (gained 2)
A jelly is nearby!
You hit the jelly but do no damage. The acid corrodes you!
Your hands burn!
The jelly barely misses you.
You hit the jelly but do no damage.
Your hands burn!
The jelly barely misses you. The jelly hits you but does no damage.
You hit the jelly.
Your hands burn!
The jelly is lightly wounded.
The jelly closely misses you.
You sock the jelly!
Your hands burn!
The jelly is moderately wounded.
You block the jelly's attack.
You hit the jelly but do no damage.
Your hands burn!
The jelly is moderately wounded.
The jelly hits you but does no damage.
You hit the jelly but do no damage. The acid corrodes you!
Your hands burn!
The jelly is moderately wounded.
The jelly hits you. The acid corrodes you!
You are splashed with acid!
You hit the jelly. The acid corrodes you!
Your hands burn!
The jelly is heavily wounded.
The jelly barely misses you.
You hit the jelly but do no damage.
Your hands burn!
The jelly is heavily wounded.
The jelly hits you.
You are splashed with acid!
You are too injured to fight recklessly!
You are too injured to fight recklessly!
You are too injured to fight recklessly!
You are too injured to fight recklessly!
You are too injured to fight recklessly!
You are too injured to fight recklessly!
You are too injured to fight recklessly!
You hit the jelly. The acid corrodes you!
Your hands burn!
* * * LOW HITPOINT WARNING * * *
The jelly is heavily wounded.
The jelly hits you.
* * * LOW HITPOINT WARNING * * *
You are splashed with acid!
* * * LOW HITPOINT WARNING * * *
You hit the jelly. The acid corrodes you!
Your hands burn!
You die...

#.............
#....######...
. ######....#
#... ..
#....#....#
#... .#...
#....# #...
.... #....#
#...
##.###....#
#...
#.J...#####
#... #.@...#
#... #.....#
#... #.....#
#... #.....#
#... #.....#
#... #######


You could see a jelly.

Vanquished Creatures
  A water moccasin (D:6)
  An ice beast (D:6)
  An ogre (D:6)
  2 centaurs
  A water moccasin skeleton (D:3)
  2 jellies (D:6)
  A centaur zombie (D:7)
  A hound (D:4)
  2 centaur skeletons (D:4)
  An iguana (D:4)
  2 howler monkey zombies
  Robin (D:3)
  4 adders
  An adder skeleton (D:4)
  3 worms
  An orc (D:3)
  4 bats
  5 endoplasms
  14 goblins
  5 hobgoblins
  3 jackals (D:2)
  6 kobolds
  4 quokkas
  7 ball pythons
  2 frilled lizards (D:1)
  7 rats
82 creatures vanquished.

Vanquished Creatures (others)
  2 fungi (D:4)
  2 plants (D:4)
4 creatures vanquished.

Grand Total: 86 creatures vanquished

Notes
Turn   | Place    | Note
-------+----------+-------------------------------------------
     0 | D:1      | Ijustatesigmund the Gargoyle Fighter began the quest for
                  | the Orb.
     0 | D:1      | Reached XP level 1. HP: 14/14 MP: 1/1
   214 | D:1      | Reached XP level 2. HP: 19/20 MP: 2/2
   375 | D:1      | Found Efid's Assorted Antiques.
  1018 | D:1      | Reached skill level 4 in Fighting
  1022 | D:1      | Reached XP level 3. HP: 10/24 MP: 3/3
  1422 | D:2      | Reached XP level 4. HP: 26/29 MP: 4/4
  1529 | D:2      | Found Neiggef's Antique Weapon Emporium.
  2197 | D:3      | Noticed Robin
  2242 | D:3      | Killed Robin
  2501 | D:3      | Reached XP level 5. HP: 31/34 MP: 5/5
  3132 | D:4      | Found a runed translucent gate.
  3132 | D:4      | Found a runed translucent gate.
  3132 | D:4      | Found a runed translucent gate.
  3132 | D:4      | Noticed mojasp's ghost (amateur DsAK)
  3132 | D:4      | Noticed a kobold brigand
  3387 | D:4      | Reached XP level 6. HP: 36/39 MP: 6/6
  3754 | D:4      | You fall into a shaft and drop 3 floors!
  3760 | D:7      | Reached skill level 5 in Fighting
  3911 | D:6      | HP: 2/40 [ogre (12)]
  3914 | D:6      | Reached skill level 5 in Maces & Flails
  3914 | D:6      | Reached XP level 7. HP: 8/44 MP: 7/7
  3920 | D:6      | HP: 2/44 [adder (3)]
  3924 | D:6      | Reached skill level 5 in Armour
  3928 | D:6      | HP: 1/45 [howler monkey zombie (2)]
  4278 | D:6      | Reached skill level 6 in Fighting
  4598 | D:6      | Reached XP level 8. HP: 35/52 MP: 8/8
  4777 | D:6      | HP: 2/52 [acid (8)]
  4778 | D:6      | Splashed by a jelly's acid

Illustrated notes

Levels and vault maps discovered:
D:1:      evilmike_arrival_rings, layout_basic, serial_shops, nicolae_shop_stone
D:2:      layout_rooms, serial_shops, nicolae_shop_hallway_stairs,
          serial_bayou_ford_a, minmay_tromino_v7
D:3:      layout_basic, minmay_misc_feat_alley, uniq_robin
D:4:      minmay_wonky_spiral, layout_basic, gammafunk_ghost_nasty_kobolds
D:6:      layout_gridville, gup_sewer_entry_pipe
D:7:      layout_loops_ring, minmay_temple_entry_statues_pillars

Skill      XL: |  1  2  3  4  5  6  7 |
---------------+----------------------+-----
Fighting       | 4 5 6 |  6.4
Maces & Flails | 3 4 5 |  5.8
Armour         | 4 5 |  5.8
Dodging        | |  0.8
Stealth        | |  0.5
Shields        | |  3.2

Action                   |  1- 3 |  4- 6 |  7- 9 || total
-------------------------+-------+-------+-------++-------
Melee: Flail             |    89 |   202 |    83 ||   374
  Use: Potion            |     1 |     1 |       ||     2
       Scroll            |       |     6 |       ||     6
Armor: Scale mail        |    51 |   144 |    71 ||   266
Dodge: Dodged            |    48 |    89 |    33 ||   170
Block: Buckler           |    16 |    40 |    19 ||    75

Table legend: (Time is in decaauts)
 A = Elapsed time spent in this place.
 B = Non-inter-level travel time spent in this place.
 C = Inter-level travel time spent in this place.
 D = Time resting spent in this place.
 E = Time spent auto-exploring this place.
 F = Levels seen in this place.
 G = Mean time per level.
                   A        B        C        D        E       F      G
               +--------+--------+--------+--------+--------+-----+--------+
         Total |   4875 |   4742 |    133 |    526 |   3464 |   6 |  812.5 |
       Dungeon |   4875 |   4742 |    133 |    526 |   3464 |   6 |  812.5 |
               +--------+--------+--------+--------+--------+-----+--------+

Top non-repeatable levels by time:
     D:3: 1204 daAuts
     D:1: 1198 daAuts
     D:6: 883 daAuts
     D:2: 794 daAuts
     D:4: 637 daAuts
     D:7: 156 daAuts
